 Dungeon Crawl Stone Soup version 0.30-a0-691-g754fce4c43 (webtiles) character file.

Game seed: 2544696835009255760

11041 Absynth the Basher (level 11, -2/99 HPs)
             Began as a Minotaur Fighter on Jan 19, 2023.
             Was an Elder of Okawaru.
             Slain by a tentacled starspawn (16 damage)
             ... on level 3 of the Abyss.
             The game lasted 00:28:27 (9667 turns).

Absynth the Basher (Minotaur Fighter)               Turns: 9667, Time: 00:28:29

Health: -2/99      AC: 19    Str: 32    XL:     11   Next: 44%
Magic:  12/14      EV: 12    Int:  5    God:    Okawaru [****..]
Gold:   694        SH:  9    Dex:  9    Spells: 10/10 levels left

rFire   . . .      SeeInvis .    a - +12 hand axe of Pain and Death {vamp, rCorr Stlth+}
rCold   + + .      Faith    .    v - +2 buckler
rNeg    . . .      Spirit   .    E - +0 acid dragon scales
rPois   .          Reflect  .    o - +1 hat
rElec   .          Harm     .    p - +0 cloak
rCorr   +          Rampage  .    u - +0 pair of gloves
Will    .....                    r - +3 pair of mountain boots {steadfast, rC+}
Stlth   +++                      C - amulet of the acrobat
HPRegen 0.36/turn                y - +6 ring of strength
MPRegen 0.14/turn                c - ring of protection from cold

@: heroic
A: horns 2, retaliatory headbutt
a: Renounce Religion, Heroism, Finesse


You were on level 3 of the Abyss.
You worshipped Okawaru.
Okawaru was greatly pleased with you.
You visited 2 branches of the dungeon, and saw 11 of its levels.
You visited the Abyss 1 time.

You collected 834 gold pieces.
You spent 140 gold pieces at shops.

Inventory:

Hand Weapons
 a - the +12 hand axe of Pain and Death (weapon) {vamp, rCorr Stlth+}
   (You took it off a wight on level 7 of the Dungeon)

   rCorr:     It protects you from acid and corrosion.
   Stlth:     It makes you more stealthy.
 b - a +5 flail
Armour
 o - a +1 hat (worn)
 p - a +0 cloak (worn)
 r - the +3 pair of mountain boots (worn) {steadfast, rC+}
   (Okawaru gifted it to you on level 3 of the Abyss)

   Steadfast: It prevents involuntary movement, except for blinking,
   teleportation, or banishment.
   rC:        It protects you from cold.
 u - a +0 pair of gloves (worn)
 v - a +2 buckler (worn)
 E - +0 acid dragon scales (worn)
 J - the +1 pair of boots "Qithac" {rElec MP+9}
   (You found it on level 7 of the Dungeon)

   rElec:     It insulates you from electricity.
   MP:        It affects your magic capacity (+9).
Jewellery
 c - a ring of protection from cold (right hand)
 k - a ring of resist corrosion
 y - a +6 ring of strength (left hand)
 C - an amulet of the acrobat (around neck)
Wands
 l - a wand of flame (19)
 w - a wand of polymorph (19)
 F - a wand of roots (4)
 H - a wand of light (10)
Scrolls
 e - 7 scrolls of teleportation
 g - 3 scrolls of amnesia {unknown}
 h - 6 scrolls of fog
 i - a scroll of blinking {unknown}
 j - 6 scrolls of identify
 m - a scroll of silence {unknown}
 s - 5 scrolls of enchant weapon {unknown}
 t - 2 scrolls of poison {unknown}
 A - 2 scrolls of immolation {unknown}
 B - 2 scrolls of vulnerability {unknown}
 G - a scroll of acquirement {unknown}
Potions
 d - a potion of might
 f - a potion of haste {unknown}
 n - 5 potions of curing
 q - 3 potions of flight
 z - 2 potions of invisibility


   Skills:
 + Level 9.9(14.9) Fighting
 * Level 13.2(18.2) Maces & Flails
 + Level 9.9(14.9) Armour
 + Level 10.0(15.0) Shields
 + Level 5.9 Invocations


You had 10 spell levels left.
You didn't know any spells.
Your spell library contained the following spells:

 Spells                   Type           Power      Damage    Failure   Level
 Beastly Appendage        Tmut           0%         N/A       56%         1
 Shock                    Conj/Air       0%         1d3       56%         1
 Sting                    Tmut/Pois      0%         1d3       56%         1
 Poisonous Vapours        Pois/Air       0%         N/A       71%         2
 Wereblood                Tmut           0%         N/A       71%         2
 Inner Flame              Hex/Fire       0%         N/A       90%         3
 Kindle Blastsparks       Fire/Tloc/Air  0%         2d10      90%         3
 Spider Form              Tmut/Pois      0%         N/A       90%         3
 Swiftness                Air            0%         N/A       90%         3
 Airstrike                Air            0%         2d(0-16)  100%        4
 Anguish                  Hex/Necr       0%         N/A       100%        4
 Flame Wave               Conj/Fire      0%         2d4       100%        4
 Olgreb's Toxic Radiance  Pois           0%         N/A       100%        4
 Sticky Flame             Conj/Fire      0%         2d3       100%        4
 Freezing Cloud           Conj/Ice/Air   0%         6-21      100%        5
 Polar Vortex             Ice            0%         N/A       100%        9
 Simulacrum               Ice/Necr       Unusable   N/A       N/A         6
 Malign Gateway           Summ/Tloc      Unusable   N/A       N/A         7

Dungeon Overview and Level Annotations

Branches:
Dungeon (10/15)            Temple (1/1) D:5            Lair (0/5) D:9
    Orc: D:9-12

Altars:
Ashenzari
Cheibriados
Dithmenos
Elyvilon
Fedhas
Gozag
Hepliaklqana
Kikubaaqudgha
Makhleb
Nemelex Xobeh
Okawaru
Qazlal
Ru
Sif Muna
Trog
Uskayaw
Vehumet
Wu Jian
Xom
Yredelemnul
Zin
The Shining One

Shops:
D:5 ?

Annotations:
D:8 3 runed translucent doors, exclusion: 3 doors


Innate Abilities, Weirdness & Mutations

You have a pair of horns on your head.
You reflexively headbutt those who attack you in melee.


Message History

You destroy the wraith!
Okawaru accepts your kill.
You completely miss the spatial vortex. You headbutt the spatial vortex.
The spatial vortex is lightly damaged.
You start resting.
Magic restored.
You start resting.
You feel yourself speed up.
You start resting.
You feel like a meek peon again.
A spatial maelstrom comes into view. 2 spatial vortices come into view.
A spatial vortex comes into view.
You start resting.
A tentacled starspawn comes into view.
You gain the combat prowess of a mighty hero.
You block the tentacled starspawn's attack.
The tentacled starspawn completely misses you.
You barely miss the tentacled starspawn.
A worldbinder comes into view.
You slice the tentacled starspawn!! You headbutt the tentacled starspawn!
The tentacled starspawn is moderately damaged.
The tentacled starspawn bites you!! The tentacled starspawn misses you.
You slash the tentacled starspawn!
The tentacled starspawn is heavily damaged.
You hit the worldbinder.
The worldbinder hits you but does no damage.
The worldbinder hits you.
You hit the tentacled starspawn. You headbutt the tentacled starspawn!
The tentacled starspawn is severely damaged.
You hit the worldbinder but do no damage.
A tentacle flies out from the starspawn's body!
You block the worldbinder's attack. The worldbinder closely misses you.
A starspawn tentacle comes into view.
You slice the tentacled starspawn!!
The tentacled starspawn is almost destroyed.
You barely miss the worldbinder. The tentacled starspawn bites you!
* * * LOW HITPOINT WARNING * * *
The tentacled starspawn tentacle-slaps you!
You die...

. ### #. #.#
. #.### .## #
## #.#.#.# #
. #..#.w.#
... # #.
#x@#>..##...#
#.##X─.#..# #
.v# ~≈ ##.#
###. #. #..##
. . .. ..###
v . ## #...
.#.. .# #.. .
.# #. # . # #
# . #.


You could see a tentacled starspawn, a worldbinder and a starspawn tentacle
(unaware).

Vanquished Creatures
  A starcursed mass (Abyss:3)
  The ghost of jazmu the Fighter, a journeyman FoHs (D:9)
  A two-headed ogre (D:10)
  2 thrashing horrors (Abyss:3)
  Pikel (D:7)
  A gargoyle (D:10)
  Maggie (D:6)
  A freezing wraith (D:9)
  Sigmund (D:3)
  2 vampires
  A wraith (Abyss:3)
  A shadow (D:10)
  A large abomination (Abyss:3)
  5 yaks (D:10)
  A human (D:7)
  A vampire mosquito (D:9)
  4 water moccasins
  3 black bears
  5 ice beasts
  2 centaurs
  A lemure (D:7)
  5 kobold brigands
  Blork the orc (D:4)
  A gnoll sergeant (D:8)
  7 bullfrogs
  2 necrophages
  3 scorpions
  22 wights
  11 killer bees (D:8)
  2 howler monkeys
  A jelly (Temple)
  3 hounds
  A gnoll bouda (D:6)
  An orc priest (D:3)
  A human skeleton (D:7)
  6 iguanas
  Terence (D:3)
  Robin (D:3)
  6 gnolls
  10 adders
  2 white imps (D:7)
  2 worms (D:2)
  A dart slug (D:4)
  23 orcs
  5 endoplasms
  6 giant cockroaches
  17 goblins
  10 hobgoblins
  24 kobolds
  2 quokkas
  6 ball pythons
  3 bats (D:2)
  4 frilled lizards
  3 rats
230 creatures vanquished.

Notes
Turn   | Place    | Note
-------+----------+-------------------------------------------
     0 | D:1      | Absynth the Minotaur Fighter began the quest for the Orb.
     0 | D:1      | Reached XP level 1. HP: 19/19 MP: 0/0
   424 | D:1      | Reached XP level 2. HP: 27/27 MP: 1/1
   719 | D:2      | Reached skill level 3 in Maces & Flails
   920 | D:2      | Reached XP level 3. HP: 33/33 MP: 2/2
  1211 | D:3      | Reached XP level 4. HP: 38/40 MP: 3/3
  1260 | D:3      | Found a faded altar of an unknown god.
  1315 | D:3      | Reached skill level 4 in Maces & Flails
  1373 | D:3      | Noticed Sigmund
  1380 | D:3      | Killed Sigmund
  1380 | D:3      | Identified the +0 helmet of the Lute {rPois Dex+2 Stlth+}
  1380 | D:3      | Noticed Robin
  1381 | D:3      | Reached skill level 5 in Maces & Flails
  1381 | D:3      | Reached XP level 5. HP: 45/47 MP: 4/4
  1387 | D:3      | Killed Robin
  1410 | D:3      | Reached XP level 6. HP: 47/55 MP: 5/5
  1568 | D:3      | Reached skill level 5 in Armour
  1781 | D:3      | Noticed Terence
  1788 | D:3      | Killed Terence
  1889 | D:4      | Reached skill level 5 in Shields
  1901 | D:4      | Reached skill level 5 in Fighting
  2019 | D:4      | Reached skill level 6 in Maces & Flails
  2019 | D:4      | Reached XP level 7. HP: 60/61 MP: 6/6
  2108 | D:4      | Noticed Blork the orc
  2124 | D:4      | Killed Blork the orc
  2400 | D:4      | Found an ornate altar of the Wu Jian Council.
  2650 | D:4      | Found the +7 Throatcutter {drain, coup de grace}
  2671 | D:4      | Reached skill level 7 in Maces & Flails
  2800 | D:5      | Entered Level 5 of the Dungeon
  2800 | D:5      | Found a staircase to the Ecumenical Temple.
  2809 | Temple   | Entered the Ecumenical Temple
  2884 | Temple   | Became a worshipper of Warmaster Okawaru
  3097 | Temple   | Reached XP level 8. HP: 31/70 MP: 7/7
  3363 | D:5      | Reached skill level 8 in Maces & Flails
  3422 | D:5      | Reached * piety under Okawaru
  3472 | D:5      | Found a glowing golden altar of the Shining One.
  3472 | D:5      | Found a glowing silver altar of Zin.
  3520 | D:5      | Found Bogyuvew's Magic Scroll Shoppe.
  3542 | D:5      | Bought a scroll of noise for 14 gold pieces
  3671 | D:5      | Found a snail-covered altar of Cheibriados.
  3716 | D:5      | Found a sparkling altar of Nemelex Xobeh.
  3889 | D:5      | Bought a scroll of identify for 28 gold pieces
  3889 | D:5      | Bought a scroll of teleportation for 42 gold pieces
  3889 | D:5      | Bought a scroll of fog for 56 gold pieces
  4146 | D:6      | Reached skill level 1 in Invocations
  4179 | D:6      | Reached skill level 9 in Maces & Flails
  4738 | D:6      | Reached XP level 9. HP: 64/79 MP: 9/9
  4800 | D:6      | Reached ** piety under Okawaru
  4816 | D:6      | Noticed Maggie
  4834 | D:6      | Killed Maggie
  4886 | D:6      | Found a broken altar of Ashenzari.
  5243 | D:7      | Reached skill level 10 in Maces & Flails
  5368 | D:7      | Found a runed translucent door.
  5392 | D:7      | Found a basalt altar of Yredelemnul.
  5491 | D:7      | Noticed Pikel
  5504 | D:7      | Killed Pikel
  5646 | D:7      | Identified the +12 hand axe of Pain and Death {vamp, rCorr
                  | Stlth+}
  5938 | D:7      | Reached XP level 10. HP: 80/83 MP: 11/11
  5940 | D:7      | Identified the +1 pair of boots "Qithac" {rElec MP+9}
  6160 | D:8      | Reached skill level 11 in Maces & Flails
  6305 | D:8      | Got the Incunable of Distance and the Cemetery
  6536 | D:8      | Reached *** piety under Okawaru
  6945 | D:8      | Found a runed translucent gate.
  6945 | D:8      | Found a runed translucent gate.
  6945 | D:8      | Found a runed translucent gate.
  6945 | D:8      | Noticed a brown ugly thing
  6945 | D:8      | Noticed a purple ugly thing
  6946 | D:8      | Noticed a brown ugly thing
  6946 | D:8      | Noticed a green ugly thing
  6946 | D:8      | Noticed a purple ugly thing
  7386 | D:9      | Found a staircase to the Lair.
  7648 | D:9      | Found a runed translucent gate.
  7649 | D:9      | Found a runed translucent gate.
  7649 | D:9      | Found a runed translucent gate.
  7650 | D:9      | Found an opulent altar of Gozag.
  7651 | D:9      | Noticed jazmu's ghost (journeyman FoHs)
  8015 | D:9      | Reached **** piety under Okawaru
  8390 | D:9      | Killed jazmu's ghost
  8391 | D:9      | Reached skill level 12 in Maces & Flails
  8395 | D:9      | Reached skill level 5 in Invocations
  8582 | D:10     | Entered Level 10 of the Dungeon
  8880 | D:10     | Reached XP level 11. HP: 97/97 MP: 13/13
  9095 | D:10     | Reached ***** piety under Okawaru
  9233 | D:10     | Noticed a two-headed ogre
  9243 | D:10     | Killed a two-headed ogre
  9395 | D:10     | Noticed a wizard
  9399 | Abyss:3  | Cast into level 3 of the Abyss (a wizard)
  9411 | Abyss:3  | Noticed a satyr
  9419 | Abyss:3  | Noticed an entropy weaver
  9437 | Abyss:3  | Noticed a thrashing horror
  9449 | Abyss:3  | Noticed a thrashing horror
  9453 | Abyss:3  | Killed a thrashing horror
  9453 | Abyss:3  | Received a gift from Okawaru
  9453 | Abyss:3  | Found the +3 pair of mountain boots {steadfast, rC+}
  9457 | Abyss:3  | Killed a thrashing horror
  9458 | Abyss:3  | Reached skill level 13 in Maces & Flails
  9483 | Abyss:3  | Noticed a starcursed mass
  9504 | Abyss:3  | Killed a starcursed mass
  9505 | Abyss:3  | Reached skill level 10 in Shields
  9550 | Abyss:3  | Noticed an Executioner
  9566 | Abyss:3  | Noticed a thrashing horror
  9597 | Abyss:3  | Noticed a spatial maelstrom
  9659 | Abyss:3  | Noticed a tentacled starspawn
  9667 | Abyss:3  | Slain by a tentacled starspawn

Illustrated notes

Levels and vault maps discovered:
D:1:      saegor_arrival_simple_e, layout_loops_ring
D:2:      layout_rooms, minmay_randomly_rotated_circles
D:3:      layout_rooms, shapermc_ecumenical_altar_mp_ritualfount,
          hangedman_decor_opposing, minmay_goblin_kobold_house, uniq_terence,
          uniq_sigmund, uniq_robin
D:4:      layout_gridville, lemuel_tele_altar, dilly_guarded_unrand_throatcut,
          uniq_blork_the_orc
D:5:      layout_rooms, lemuel_round_altar, gammafunk_temple_overflow_elements,
          mainiacjoe_overflow_24_doors, minmay_temple_entry_drinking_statues,
          serial_shops, nicolae_shop_competitors_out_of_business
D:6:      layout_basic, mainiacjoe_overflow_brackets,
          kennysheep_generic_room_10, uniq_maggie
D:7:      layout_loops_ring, dk_yredelemnul_ordeal, uniq_pikel
D:8:      layout_loops_corners, ploomutoo_gammafunk_ghost_potion_laboratory
D:9:      layout_basic, dpeg_oklobed_lair, ebering_ghost_gozag
D:10:     layout_roguey, lightli_wizard_tower
Temple:   regret_index_temple_generic_petals
Abyss:3:  base: D:3, nicolae_abyss_rune_left_handed, evilmike_abyss_exit_12

Skill      XL: |  1  2  3  4  5  6  7  8  9 10 11 |
---------------+----------------------------------+-----
Maces & Flails | 3 5 6 7 9 10 12 13 | 13.2
Fighting       | 4 5 6 7 8 9 |  9.9
Armour         | 4 5 6 7 8 9 |  9.9
Shields        | 4 5 6 7 8 9 10 | 10.0
Invocations    | 1 3 5 |  5.9

Action                   |  1- 3 |  4- 6 |  7- 9 | 10-12 || total
-------------------------+-------+-------+-------+-------++-------
Melee: Flail             |    61 |       |       |       ||    61
       Headbutt          |    10 |    17 |    42 |    47 ||   116
       Hand axe          |     5 |    95 |   263 |   217 ||   580
       Unarmed           |       |     2 |       |       ||     2
Invok: Heroism           |       |       |     2 |     5 ||     7
  Use: Potion            |       |       |     1 |     2 ||     3
       Scroll            |       |       |       |     9 ||     9
 Stab: Sleeping          |       |       |       |     2 ||     2
Armor: Scale mail        |    26 |    29 |   108 |       ||   163
       Skin              |       |     2 |       |       ||     2
       Acid dragon scale |       |       |       |    71 ||    71
Dodge: Dodged            |    31 |    47 |   125 |    92 ||   295
Block: Buckler           |    12 |    24 |    58 |    78 ||   172

Table legend: (Time is in decaauts)
 A = Elapsed time spent in this place.
 B = Non-inter-level travel time spent in this place.
 C = Inter-level travel time spent in this place.
 D = Time resting spent in this place.
 E = Time spent auto-exploring this place.
 F = Levels seen in this place.
 G = Mean time per level.
                   A        B        C        D        E       F      G
               +--------+--------+--------+--------+--------+-----+--------+
         Total |   9705 |   9338 |    367 |   1212 |   6172 |  12 |  808.8 |
       Dungeon |   8916 |   8584 |    332 |    865 |   5948 |  10 |  891.6 |
        Temple |    527 |    492 |     35 |    221 |    210 |   1 |  527.0 |
         Abyss |    262 |    262 |      0 |    126 |     14 |   1 |  262.0 |
               +--------+--------+--------+--------+--------+-----+--------+

Top non-repeatable levels by time:
     D:6: 1447 daAuts
     D:9: 1257 daAuts
     D:8: 1190 daAuts
     D:4: 941 daAuts
    D:10: 812 daAuts
     D:7: 764 daAuts
     D:3: 690 daAuts
     D:1: 671 daAuts
     D:5: 599 daAuts
     D:2: 540 daAuts
  Temple: 527 daAuts
 Abyss:3: 262 daAuts
